 Dungeon Crawl Stone Soup version 0.22-a0-422-g9628fc87f1 (webtiles) character file.

128 Kriby the Ducker (level 4, -9/23 HPs)
             Began as a Spriggan Gladiator on May 19, 2018.
             Killed themself with a badly aimed iceblast (14 damage)
             ... on level 3 of the Dungeon.
             The game lasted 00:02:33 (2009 turns).

Kriby the Ducker (Spriggan Gladiator)               Turns: 2009, Time: 00:02:33

Health: -9/23      AC:  2    Str: 11    XL:     4   Next: 86%
Magic:  5/5        EV: 21    Int:  9    God:
Gold:   196        SH:  0    Dex: 17    Spells: 3/3 levels left

rFire    . . .     SeeInvis +   a - +0 quarterstaff
rCold    + . .     Gourm    .   (shield currently unavailable)
rNeg     . . .     Faith    .   b - +0 robe
rPois    .         Spirit   .   j - +0 hat
rElec    .         Reflect  .   (no cloak)
rCorr    .         Harm     .   (gloves unavailable)
MR       .....                  (boots unavailable)
Stlth    ++........             (no amulet)
HPRegen  0.07/turn              c - ring of protection from cold
MPRegen  0.09/turn              (no ring)

@: very quick
A: very small, unfitting armour, see invisible, herbivore, speed 3, slow
metabolism 2
a: no special abilities


You were on level 3 of the Dungeon.
You were not hungry.

You visited 1 branch of the dungeon, and saw 3 of its levels.

You collected 196 gold pieces.

Inventory:

Hand Weapons
 a - a +0 quarterstaff (weapon)
Missiles
 d - 3 throwing nets (quivered)
Armour
 b - a +0 robe (worn)
 j - a +0 hat (worn)
Jewellery
 c - a ring of protection from cold (left hand)
Wands
 s - a wand of random effects (3)
Scrolls
 e - 3 scrolls of teleportation {unknown}
 i - a scroll of enchant weapon {unknown}
 k - 5 scrolls of remove curse {unknown}
 l - a scroll of magic mapping {unknown}
 m - 3 scrolls of identify {unknown}
 o - a scroll of immolation {unknown}
 p - a scroll of fog {unknown}
Potions
 g - a potion of heal wounds {@q2}
 h - 2 potions of brilliance {unknown}
 n - a potion of curing {unknown}
 q - a potion of degeneration {unknown}
 r - a potion of haste {unknown}
Comestibles
 f - 6 rations {@e1}


   Skills:
 + Level 2.4 Fighting
 + Level 2.8 Staves
 + Level 3.0 Throwing
 + Level 5.5 Dodging
 + Level 0.8 Evocations


You had 3 spell levels left.
You didn't know any spells.
Your spell library was empty.

Dungeon Overview and Level Annotations

Branches:
Dungeon (3/15)

Altars:


Innate Abilities, Weirdness & Mutations

You are very small and have problems with some larger weapons.
You are too small for most types of armour.
You have supernaturally acute eyesight. (SInv)
You are a herbivore.
You cover ground extremely quickly.
You need to consume almost no food.


Message History

The orc priest is drained!
You kill the orc priest!
The bolt of negative energy hits the orc.
The orc is drained!
You kill the orc!
Your Throwing skill increases to level 3!
The orc hits you with a flail.
* * * LOW HITPOINT WARNING * * *
You are too injured to fight recklessly!
You are too injured to fight recklessly!
You are too injured to fight recklessly!
Evoke which item? (* to show all) (? for menu, Esc to quit)
Aiming: Random Effects
Press: ? - help, Shift-Dir - straight line, f - orc
Aim: an orc, wielding a flail and wearing a scale mail The mass of ice explodes!
The iceblast engulfs the orc.
You kill the orc!
The iceblast engulfs you! You partially resist.
Ouch! That really hurt!
You die...

.. . . .. .. .# ... #. #.#
#.###( #..# ......# ##...#
.......##...# ##..).)@..# #
#.(.#.##....... .# # #.
##.#.)g##....... .##
.##.#.###..................
........#..##.##..........
###..##....##.###...###.##
.........................#..
#.# #...###..###..##.......
..#.##.......## #.)...###.


There were no monsters in sight!

Vanquished Creatures
  An orc priest (D:3)
  3 adders
  3 worms (D:2)
  2 dart slugs (D:1)
  3 leopard geckos
  3 orcs (D:3)
  A giant cockroach (D:1)
  3 goblins
  7 hobgoblins
  8 jackals
  6 bats
  A frilled lizard (D:2)
  5 kobolds
  8 rats
54 creatures vanquished.

Notes
Turn   | Place    | Note
-------+----------+-------------------------------------------
     0 | D:1      | Kriby the Spriggan Gladiator began the quest for the Orb.
     0 | D:1      | Reached XP level 1. HP: 10/10 MP: 2/2
   172 | D:1      | Reached XP level 2. HP: 15/15 MP: 3/3
   705 | D:1      | Reached XP level 3. HP: 14/18 MP: 4/4
  1003 | D:2      | Reached skill level 5 in Dodging
  1181 | D:2      | Reached XP level 4. HP: 19/23 MP: 5/5
  2009 | D:3      | Killed themself with a badly aimed iceblast

Vault maps used:
D:1:      lightli_arrival_chessboard, hex_medium
D:2:      first_ration

Skill      XL: |  1  2  3  4 |
---------------+-------------+-----
Fighting       | 2 |  2.4
Dodging        | 5 |  5.5
Throwing       | 3 |  3.0
Staves         | |  2.8
Evocations     | |  0.8

Action                   |  1- 3 |  4- 6 || total
-------------------------+-------+-------++-------
Melee: Quarterstaff      |   124 |    54 ||   178
Throw: Throwing net      |       |     1 ||     1
Evoke: Wand              |       |     8 ||     8
  Use: Potion            |     1 |       ||     1
 Stab: Sleeping          |     3 |       ||     3
Armor: Robe              |    15 |     3 ||    18
Dodge: Dodged            |   113 |    53 ||   166

Table legend:
 A = Spawn XP
 B = Non-spawn XP
 C = Spawn XP percentage of total XP
 D = Spawn monster count
 E = Non-spawn monster count
 F = Spawn count percentage of total count
 G = Total turns spent on level
                    A         B        C        D         E        F      G
               +---------+---------+-------+---------+---------+-------+---------
         Total |       0 |     183 |   0.0 |       0 |      54 |   0.0 |  2009
               +---------+---------+-------+---------+---------+-------+---------
           D:1 |       0 |      41 |   0.0 |       0 |      21 |   0.0 |   804
           D:2 |       0 |      69 |   0.0 |       0 |      22 |   0.0 |  1077
           D:3 |       0 |      73 |   0.0 |       0 |      11 |   0.0 |   128
               +---------+---------+-------+---------+---------+-------+---------
